 Dungeon Crawl Stone Soup version 0.16.0-17-g811c1d7 (console) character file.

3546 Fusha the Grappler (level 9, -6/91 HPs)
             Began as a Troll Monk on Mar 22, 2015.
             Was a Believer of Trog.
             Splashed by an oklob sapling's acid (25 damage)
             ... on level 9 of the Dungeon.
             The game lasted 00:13:17 (7201 turns).

Fusha the Grappler (Troll Monk)                     Turns: 7201, Time: 00:13:17

Health: -6/91      AC:  5    Str: 24    XL:     9   Next: 83%
Magic:  4/4        EV: 13    Int:  6    God:    Trog [**....]
Gold:   501        SH:  0    Dex: 12    Spells: 0 memorised, 8 levels left

rFire  . . .     SeeInvis .       - Unarmed
rCold  . . .     Clarity  .     a - +0 robe
rNeg   . . .     SustAb   .     (shield restricted)
rPois  .         Gourm    +     (helmet restricted)
rElec  .         Spirit   .     (no cloak)
rCorr  .         Warding  .     (gloves unavailable)
rMut   .         Stasis   .     (boots unavailable)
MR     .....                    (no amulet)
Stlth  +.........               (no ring)
                                (no ring)

@: not resistant to hostile enchantments, very unstealthy
A: unfitting armour, claws 3, fast metabolism 3, gourmand, regeneration 2,
shaggy fur 1, tough skin 2
a: Burn Spellbooks, Berserk, Trog's Hand, Renounce Religion


You were on level 9 of the Dungeon.
You worshipped Trog.
Trog was pleased with you.
You were full.

You visited 2 branches of the dungeon, and saw 10 of its levels.

You collected 501 gold pieces.

Inventory:

Missiles
 c - 4 large rocks (quivered)
 u - 2 throwing nets
Armour
 a - a +0 robe (worn)
Jewellery
 g - an uncursed ring of fire
Magical devices
 C - a wand of draining (6)
Scrolls
 e - 2 scrolls of magic mapping {unknown}
 h - 4 scrolls of remove curse {unknown}
 l - 10 scrolls of identify {unknown}
 m - 5 scrolls of teleportation {unknown}
 o - 2 scrolls of noise {unknown}
 r - a scroll of amnesia {unknown}
 s - a scroll of enchant weapon {unknown}
 w - a scroll of blinking {unknown}
 x - a scroll of summoning {unknown}
 y - a scroll of holy word {unknown}
 B - 2 scrolls of enchant armour {unknown}
Potions
 d - a potion of flight {unknown}
 f - a potion of haste {unknown}
 i - a potion of brilliance {unknown}
 j - 4 potions of curing {unknown}
 p - a potion of cure mutation {unknown}
 q - a potion of restore abilities {unknown}
 t - 2 potions of lignification {unknown}
 v - 4 potions of poison {unknown}
 A - a potion of mutation {unknown}
Comestibles
 b - 6 meat rations
 k - 2 royal jellies
 n - 6 bread rations
 z - a beef jerky
 D - 4 fruits


   Skills:
 + Level 6.3 Fighting
 + Level 0.3 Throwing
 + Level 8.3 Dodging
 - Level 1.1 Stealth
 + Level 8.9 Unarmed Combat


You had 8 spell levels left.
You didn't know any spells.

Dungeon Overview and Level Annotations

Branches:
Dungeon (9/15)             Temple (1/1) D:7             Orc (0/4) D:9
   Lair: D:8-11

Altars:
Ashenzari
Cheibriados
Dithmenos
Elyvilon
Fedhas
Gozag
Kikubaaqudgha
Makhleb
Nemelex Xobeh
Okawaru
Qazlal
Ru
Sif Muna
Trog
Vehumet
Xom
Yredelemnul
Zin
The Shining One

Shops:
D:6 ?   D:9 (

Annotations:
D:9 exclusion: 2 oklob saplings


Innate Abilities, Weirdness & Mutations

You are too large for most types of armour.
You have claws for hands.
Your metabolism is lightning-fast.
You like to eat raw meat.
You heal very quickly.
You are covered in fur (AC +1).
You have very tough skin (AC +2).


Message History

You feel less confused.
You start resting.
A river rat comes into view.
You claw the river rat!
You kill the river rat!
Trog accepts your kill.
You start resting.
HP restored.
Really walk into a travel-excluded area?
The oklob sapling spits acid at you. The splash of acid hits you!
The acid burns!
You see here a leather armour.
The oklob sapling spits acid at you. The splash of acid hits you!
The acid burns!
You see here 2 fruits.
The oklob sapling spits acid at you. The splash of acid hits you!
* * * LOW HITPOINT WARNING * * *
The acid burns!
You die...

.#. #...# #.#
.# #. #...#
#.# .# #.
#...#
###.###### .
## ....#
#.........
♣♣♣♣♣
#.########
♣♣.♣♣♣♣.#
♣♣♣♣♣.♣.♣♣..#
♣P♣..♣.♣♣.♣##
♣.%@♣♣♣.♣.♣
♣%_%♣ ♣.♣.♣
♣♣%.P♣♣.♣.♣
♣♣♣♣♣♣♣.♣♣
♣♣♣


You could see 2 oklob saplings.

Vanquished Creatures
  The ghost of heinrich the Quickloader, an experienced FoHu (D:8)
  A hippogriff (D:9)
  An orc warrior (D:9)
  2 black bears (D:7)
  2 sky beasts
  2 ice beasts
  2 phantoms
  3 ogres
  A centaur (D:7)
  Sigmund (D:4)
  A giant frog (D:7)
  A crocodile (D:9)
  A big kobold (D:7)
  4 wights (D:8)
  A scorpion (D:4)
  4 wandering mushrooms (D:9)
  3 crimson imps
  2 giant frog zombies
  A jelly (D:9)
  5 hounds
  A centaur skeleton (D:7)
  3 orc priests
  2 giant frog skeletons
  5 worker ants
  5 orc wizards
  An iguana (D:8)
  Jessica (D:3)
  A worker ant zombie (D:9)
  9 adders
  11 gnolls
  A river rat (D:9)
  A shadow imp (D:5)
  3 worms
  An adder zombie (D:5)
  3 adder skeletons
  6 giant geckos
  2 oozes
  23 orcs
  13 bats
  2 bat skeletons (D:4)
  3 giant cockroaches
  22 hobgoblins
  2 jackals (D:7)
  11 kobolds
  3 quokkas
  6 giant newts
  A giant spore (D:6)
  6 goblins
  3 jackal zombies
  16 rats
  7 ballistomycetes
213 creatures vanquished.

Vanquished Creatures (others)
  A wight (D:9)
  3 orcs
  2 giant spores
  A rat (D:9)
  2 fungi (D:9)
9 creatures vanquished.

Grand Total: 222 creatures vanquished

Notes
Turn   | Place    | Note
--------------------------------------------------------------
     0 | D:1      | Fusha, the Troll Monk, began the quest for the Orb.
     0 | D:1      | Reached XP level 1. HP: 22/22 MP: 1/1
   137 | D:1      | You fall through a shaft!
   301 | D:1      | Reached XP level 2. HP: 29/29 MP: 1/1
   638 | D:2      | Reached XP level 3. HP: 31/36 MP: 2/2
   683 | D:2      | Reached XP level 4. HP: 37/44 MP: 2/2
  1224 | D:3      | Reached skill level 5 in Unarmed Combat
  1483 | D:3      | Reached XP level 5. HP: 40/53 MP: 2/2
  1765 | D:3      | Found a sacrificial altar of Ru.
  2011 | D:3      | Noticed Jessica
  2024 | D:3      | Killed Jessica
  2277 | D:4      | Noticed Sigmund
  2293 | D:4      | Killed Sigmund
  2293 | D:4      | Reached XP level 6. HP: 43/61 MP: 3/3
  2735 | D:5      | Entered Level 5 of the Dungeon
  2961 | D:5      | Reached skill level 6 in Unarmed Combat
  2961 | D:5      | Reached XP level 7. HP: 64/68 MP: 3/3
  3351 | D:5      | Found a stormy altar of Qazlal.
  3490 | D:6      | Reached skill level 5 in Dodging
  3964 | D:6      | Found Kuicolu's Magic Scroll Shop.
  4476 | D:6      | Reached XP level 8. HP: 66/78 MP: 3/3
  4645 | D:7      | Reached skill level 7 in Unarmed Combat
  5066 | D:7      | Found a staircase to the Ecumenical Temple.
  5207 | Temple   | Entered the Ecumenical Temple
  5391 | D:7      | Reached skill level 5 in Fighting
  5582 | D:8      | Found a bloodstained altar of Trog.
  5583 | D:8      | Found a glowing golden altar of the Shining One.
  5585 | D:8      | Found a sparkling altar of Nemelex Xobeh.
  5586 | D:8      | Found an opulent altar of Gozag.
  5587 | D:8      | Found a glowing silver altar of Zin.
  5596 | D:8      | Became a worshipper of Trog the Wrathful
  5596 | D:8      | Acquired Trog's first power
  5596 | D:8      | Acquired Trog's second power
  5843 | D:8      | Found a blossoming altar of Fedhas.
  5845 | D:8      | Reached XP level 9. HP: 83/88 MP: 4/4
  5995 | D:8      | Noticed heinrich's ghost (experienced FoHu)
  6004 | D:8      | Killed heinrich's ghost
  6004 | D:8      | Reached skill level 8 in Unarmed Combat
  6602 | D:9      | Found Khazi's Antique Weapon Emporium.
  6715 | D:8      | Found a sacrificial altar of Ru.
  6863 | D:9      | Found a staircase to the Orcish Mines.
  6987 | D:9      | Found a blossoming altar of Fedhas.
  7201 | D:9      | Splashed by an oklob sapling's acid

Action                   |  1- 3 |  4- 6 |  7- 9 || total
-------------------------+-------+-------+-------++-------
Melee: Unarmed           |    70 |   187 |   276 ||   533
Throw: Large rock        |       |     4 |     2 ||     6
 Stab: Sleeping          |       |     1 |     3 ||     4
  Eat: Chunk             |    10 |    21 |    37 ||    68
